 Dungeon Crawl Stone Soup version 0.22.1-2-g9c5b331 (webtiles) character file.

7457 whitewolfNL the Basher (level 10, -4/88 HPs)
             Began as a Minotaur Berserker on Nov 28, 2018.
             Was a High Priest of Trog.
             Slain by an ogre
             ... wielding a +0 giant spiked club
             ... led by an orc knight
              (16 damage)
             ... on level 1 of the Orcish Mines.
             The game lasted 00:50:10 (11685 turns).

whitewolfNL the Basher (Minotaur Berserker)        Turns: 11685, Time: 00:50:10

Health: -4/88      AC: 14    Str: 26    XL:     10   Next: 94%
Magic:  0/4        EV: 12    Int:  5    God:    Trog [*****.]
Gold:   388        SH:  0    Dex: 17    Spells: 9/9 levels left

rFire    + + .     SeeInvis .   L - +2 dire flail (antimagic)
rCold    . . .     Gourm    .   (shield currently unavailable)
rNeg     + . .     Faith    .   C - +1 chain mail "Juhin" {rF++ rN+ Dex+4 Stlth+}
rPois    .         Spirit   +   H - +2 hat
rElec    .         Reflect  .   G - scarf {Spirit}
rCorr    +         Harm     .   (no gloves)
MR       +....                  (no boots)
Stlth    +.........             (no amulet)
HPRegen  0.24/turn              I - ring of protection from magic
MPRegen  0.09/turn              t - ring of resist corrosion

@: mighty, berserk cooldown, slowed, very slow
A: retaliatory headbutt, horns 2
a: Berserk, Trog's Hand, Brothers in Arms, Renounce Religion


You were on level 1 of the Orcish Mines.
You worshipped Trog.
Trog was extremely pleased with you.
You were not hungry.

You visited 2 branches of the dungeon, and saw 11 of its levels.

You collected 634 gold pieces.
You spent 246 gold pieces at shops.

Inventory:

Hand Weapons
 n - a cursed +3 flail
 q - a +0 hunting sling
 B - a +0 shortbow
 L - a +2 antimagic dire flail (weapon)
 M - a +4 arbalest of flaming
Missiles
 d - 111 bolts
 e - 99 arrows
 f - 5 javelins of returning (quivered)
 h - 6 needles of confusion
 u - 77 sling bullets
 y - 6 silver tomahawks
 X - a throwing net
Armour
 C - the +1 chain mail "Juhin" (worn) {rF++ rN+ Dex+4 Stlth+}
   (You found it on level 4 of the Dungeon)

   It affects your dexterity (+4).
   It greatly protects you from fire.
   It protects you from negative energy.
   It makes you more stealthy.
 G - a scarf of spirit shield (worn)
 H - a +2 hat (worn)
 J - the +8 ring mail of Happy Babbling {rC+ rCorr}
   (You found it on level 7 of the Dungeon)

   It protects you from cold.
   It provides partial protection from all sources of acid and corrosion.
 N - a +0 buckler
 P - a +1 large shield of reflection
 U - a +1 cloak
Jewellery
 t - a ring of resist corrosion (right hand)
 I - a ring of protection from magic (left hand)
Wands
 j - a wand of flame (71)
 D - a wand of polymorph (24)
 S - a wand of acid (10)
 V - a wand of random effects (6)
Scrolls
 b - 2 scrolls of fog
 i - 8 scrolls of remove curse
 m - a scroll of brand weapon {unknown}
 p - 2 scrolls of magic mapping
 v - a scroll of torment {unknown}
 w - 6 scrolls of teleportation
 x - a scroll of holy word
 z - a scroll of acquirement {unknown}
 A - 2 scrolls of enchant armour
 K - a scroll of fear {unknown}
 Q - a scroll of blinking
 R - 3 scrolls of vulnerability {unknown}
 T - a scroll of random uselessness {unknown}
 W - a scroll of summoning {unknown}
Potions
 l - 3 potions of brilliance
 o - a potion of haste
 r - a potion of ambrosia
 s - a potion of berserk rage
 E - a potion of magic {unknown}
 F - a potion of curing
 O - 2 potions of cancellation
Comestibles
 c - 17 rations


   Skills:
 * Level 8.1 Fighting
 * Level 12.2 Maces & Flails
 * Level 9.8 Armour
 * Level 6.1 Dodging
 - Level 4.0 Stealth
 - Level 4.0 Shields
 * Level 4.2 Evocations


You had 9 spell levels left.
You didn't know any spells.
Your spell library was empty.

Dungeon Overview and Level Annotations

Branches:
Dungeon (10/15)            Temple (0/1) D:4             Orc (1/2) D:10
   Lair: D:8-11

Altars:
Cheibriados
Fedhas
Gozag
Hepliaklqana
Makhleb
Sif Muna
Trog
Uskayaw
Wu Jian
Xom
Yredelemnul
Zin
The Shining One

Shops:
D:9 ?


Innate Abilities, Weirdness & Mutations

You reflexively headbutt those who attack you in melee.
You have a pair of horns on your head.


Message History

You sock the two-headed ogre! You headbutt the two-headed ogre!
The two-headed ogre is almost dead.
The orc hits you but does no damage.
The two-headed ogre hits you with a giant spiked club!
* * * LOW HITPOINT WARNING * * *
The two-headed ogre hits you but does no damage.
You feel much better. The orc hits you but does no damage.
The ogre barely misses you. You furiously retaliate!
You headbutt the ogre!!
The two-headed ogre hits you with a giant spiked club!!
* * * LOW HITPOINT WARNING * * *
The two-headed ogre closely misses you. The orc hits you but does no damage.
The ogre hits you with a giant spiked club!
* * * LOW HITPOINT WARNING * * *
The two-headed ogre hits you with a giant spiked club.
* * * LOW HITPOINT WARNING * * *
The two-headed ogre barely misses you.
There is a staircase back to the Dungeon here.
The ogre hits you with a giant spiked club!
You die...

#...##
#...##
#####...##
##.##.....#
#.........##
##.##......#
#####.....#
##...##
##..>@.#
#...OOo#
##.....#
###...#
#†...#
#.)....#
#)...#.##
..........#
#.#.....$##


You could see a two-headed ogre, an ogre and an orc.

Vanquished Creatures
  Erolcha (D:9)
  An orc knight (Orc:1)
  Maurice (D:9)
  2 trolls (D:10)
  2 wyverns
  A human (D:7)
  4 hogs (D:7)
  Eustachio (D:6)
  A warg (Orc:1)
  A water moccasin (D:8)
  6 orc warriors
  A sky beast (D:10)
  A phantom (D:9)
  A hornet zombie (D:7)
  A black bear (D:8)
  2 ice beasts
  2 centaurs
  4 ogres
  3 bullfrogs
  A water moccasin zombie (D:7)
  A wyvern skeleton (D:6)
  2 scorpions
  11 killer bees
  4 wights (D:10)
  3 howler monkeys
  4 crimson imps
  2 hounds
  11 orc priests
  2 bullfrog skeletons
  3 iguanas
  7 orc wizards
  Natasha (D:2)
  8 worker ants
  A worker ant zombie (D:6)
  A howler monkey skeleton (D:9)
  4 gnolls (D:3)
  10 adders
  3 shadow imps
  5 oozes
  An adder zombie (D:6)
  4 adder skeletons
  3 worms
  5 dart slugs
  5 leopard geckos
  35 orcs
  4 ball pythons
  5 giant cockroaches
  8 goblins
  6 hobgoblins
  13 jackals
  7 quokkas
  18 bats
  3 frilled lizards
  8 kobolds
  3 quokka skeletons
  5 rats
253 creatures vanquished.

Notes
Turn   | Place    | Note
-------+----------+-------------------------------------------
     0 | D:1      | whitewolfNL the Minotaur Berserker began the quest for the
                  | Orb.
     0 | D:1      | Reached XP level 1. HP: 19/19 MP: 0/0
    39 | D:1      | Reached skill level 4 in Maces & Flails
    43 | D:1      | Reached XP level 2. HP: 18/27 MP: 1/1
   559 | D:1      | Reached ** piety under Trog
   757 | D:1      | Reached XP level 3. HP: 33/33 MP: 2/2
  1587 | D:2      | Found a glowing golden altar of the Shining One.
  1733 | D:2      | Reached skill level 1 in Stealth
  1848 | D:2      | Reached XP level 4. HP: 35/40 MP: 3/3
  1854 | D:2      | Reached skill level 5 in Maces & Flails
  1930 | D:2      | Noticed Natasha
  1933 | D:2      | Killed Natasha
  1941 | D:2      | Reached XP level 5. HP: 38/46 MP: 4/4
  2150 | D:2      | Found a hide-covered altar of Uskayaw.
  2447 | D:3      | Reached *** piety under Trog
  2469 | D:3      | Found an ornate altar of the Wu Jian Council.
  2531 | D:3      | Found a blossoming altar of Fedhas.
  3168 | D:3      | Reached XP level 6. HP: 47/52 MP: 5/5
  3755 | D:4      | Found a staircase to the Ecumenical Temple.
  3771 | D:4      | Reached skill level 6 in Maces & Flails
  4161 | D:4      | Reached **** piety under Trog
  4412 | D:4      | Reached skill level 5 in Armour
  4412 | D:4      | Reached skill level 1 in Evocations
  4427 | D:4      | Reached XP level 7. HP: 52/60 MP: 6/6
  4428 | D:4      | Noticed a wyvern
  4438 | D:4      | Killed a wyvern
  4776 | D:4      | Found a deep blue altar of Sif Muna.
  4878 | D:4      | Reached skill level 7 in Maces & Flails
  4888 | D:4      | Got a slimy chain mail
  5079 | D:4      | Identified the +1 chain mail "Juhin" {rF++ rN+ Dex+4
                  | Stlth+} (You found it on level 4 of the Dungeon)
  5134 | D:5      | Entered Level 5 of the Dungeon
  5155 | D:5      | Found a glowing golden altar of the Shining One.
  5484 | D:5      | Found a glowing silver altar of Zin.
  5484 | D:5      | Found an opulent altar of Gozag.
  5786 | D:6      | Reached XP level 8. HP: 61/67 MP: 8/8
  5792 | D:6      | Found a shimmering altar of Xom.
  6050 | D:6      | Reached skill level 5 in Fighting
  6279 | D:6      | Reached skill level 8 in Maces & Flails
  6531 | D:6      | Noticed Eustachio
  6552 | D:6      | Killed Eustachio
  6889 | D:7      | Reached ***** piety under Trog
  6930 | D:7      | Found a bloodstained altar of Trog.
  6947 | D:7      | Reached skill level 9 in Maces & Flails
  7119 | D:7      | Found a shimmering altar of Xom.
  7122 | D:7      | Found a burning altar of Makhleb.
  7125 | D:7      | Found a basalt altar of Yredelemnul.
  7257 | D:7      | Got a distressingly furry ring mail
  7263 | D:7      | Reached XP level 9. HP: 56/75 MP: 9/9
  7417 | D:7      | Identified the +8 ring mail of Happy Babbling {rC+ rCorr}
                  | (You found it on level 7 of the Dungeon)
  7507 | D:7      | Reached skill level 1 in Shields
  7512 | D:7      | Received a gift from Trog
  7518 | D:7      | Reached skill level 10 in Maces & Flails
  7518 | D:7      | Reached skill level 5 in Dodging
  7823 | D:7      | Found a hazy altar of Hepliaklqana.
  8628 | D:8      | Reached XP level 10. HP: 75/84 MP: 3/11
  8912 | D:8      | Found a snail-covered altar of Cheibriados.
  9418 | D:9      | Reached skill level 11 in Maces & Flails
  9488 | D:9      | Noticed Erolcha
  9493 | D:9      | Killed Erolcha
  9777 | D:9      | Found Reoroud's Magic Scroll Emporium.
  9797 | D:9      | Bought a scroll of holy word for 90 gold pieces
  9797 | D:9      | Bought a scroll of identify for 24 gold pieces
  9797 | D:9      | Bought a scroll of magic mapping for 42 gold pieces
  9797 | D:9      | Bought a scroll of blinking for 90 gold pieces
 10153 | D:9      | Noticed Maurice
 10159 | D:9      | Killed Maurice
 10330 | D:10     | Entered Level 10 of the Dungeon
 10848 | D:10     | Found a staircase to the Orcish Mines.
 11347 | D:10     | Reached skill level 12 in Maces & Flails
 11634 | Orc:1    | Entered Level 1 of the Orcish Mines
 11662 | Orc:1    | Noticed an orc knight
 11669 | Orc:1    | Noticed a two-headed ogre
 11678 | Orc:1    | Killed an orc knight
 11685 | Orc:1    | Slain by an ogre

Skill      XL: |  1  2  3  4  5  6  7  8  9 10 |
---------------+-------------------------------+-----
Maces & Flails | 4 5 6 7 9 10 12 | 12.2
Fighting       | 4 5 6 8 |  8.1
Armour         | 3 4 5 6 7 8 9 |  9.8
Stealth        | 1 2 3 4 |  4.0
Dodging        | 3 4 5 6 |  6.1
Evocations     | 1 2 3 4 |  4.2
Shields        | 2 4 |  4.0

Action                   |  1- 3 |  4- 6 |  7- 9 | 10-12 || total
-------------------------+-------+-------+-------+-------++-------
Melee: Mace              |    82 |    63 |       |       ||   145
       Headbutt          |    15 |    31 |    59 |    49 ||   154
       Flail             |       |   107 |    74 |       ||   181
       Morningstar       |       |       |   114 |       ||   114
       Dire flail        |       |       |    58 |   169 ||   227
Invok: Berserk           |     1 |     5 |    14 |     9 ||    29
Evoke: Wand              |       |       |       |     1 ||     1
  Use: Scroll            |       |     1 |    13 |     4 ||    18
       Potion            |       |     1 |     1 |     2 ||     4
  Eat: Chunk             |     1 |     9 |    12 |     8 ||    30
       Ration            |     1 |     1 |     4 |     3 ||     9
Armor: Animal skin       |     9 |       |       |       ||     9
       Scale mail        |    42 |    27 |       |       ||    69
       Chain mail        |       |    97 |   128 |    65 ||   290
Dodge: Dodged            |    77 |   124 |   126 |    77 ||   404
Block: Buckler           |       |       |     7 |       ||     7
